 Seeded DCSS version 0.31.0-32-g396128a36d (webtiles) character file.

Game seed: 17617660340086698046 (custom seed)

361 timneilson the Sneak (level 6, -1/31 (36) HPs)
             Began as a Kobold Enchanter on Mar 30, 2024.
             Slain by a weeping skull (5 damage)
             ... on level 3 of the Dungeon.
             The game lasted 00:06:22 (2753 turns).

timneilson the Sneak (Kobold Enchanter)             Turns: 2753, Time: 00:06:23

HP:   -1/31 (36)    AC:  4    Str:  5    XL:     6   Next: 98%
MP:   9/9           EV: 17    Int: 17    God:
Gold: 128           SH:  0    Dex: 17    Spells: 9/9 levels left

rFire   . . .        a - +1 dagger
rCold   . . .        (no shield)
rNeg    . . .        b - +1 robe
rPois   +            h - +0 helmet
rElec   .            (no cloak)
rCorr   .            (no gloves)
SInv    +            (no boots)
Will    .....        (no amulet)
Stlth   ++++         f - ring of see invisible
HPRegen 0.25/turn    l - ring of poison resistance
MPRegen 0.11/turn

%: no passive effects
@: heavily drained
A: small, no large weapons, nightstalker 3
a: no special abilities


You were on level 3 of the Dungeon.
You visited 1 branch of the dungeon, and saw 3 of its levels.

You collected 128 gold pieces.

Inventory:

Hand Weapons
 a - a +1 dagger (weapon)
Armour
 b - a +1 robe (worn)
 h - a +0 helmet (worn)
Jewellery
 f - a ring of see invisible (left hand)
 l - a ring of poison resistance (right hand)
Scrolls
 e - a scroll of fear {unknown}
 j - a scroll of vulnerability
 m - a scroll of revelation
 n - 4 scrolls of identify
Potions
 c - 2 potions of invisibility
 d - 3 potions of mutation
 g - 2 potions of cancellation
 i - 4 potions of curing
 k - a potion of enlightenment {unknown}


   Skills:
 + Level 2.4 Fighting
 * Level 4.7 Short Blades
 + Level 1.9 Armour
 * Level 4.8 Dodging
 + Level 5.1 Stealth
 - Level 2.1 Spellcasting
 - Level 3.0 Hexes


You had 9 spell levels left.
You didn't know any spells.
Your spell library contained the following spells:

 Spells                   Type           Power      Damage    Failure   Level
 Ensorcelled Hibernation  Hex/Ice        12%        N/A       16%         2
 Confusing Touch          Hex            12%        N/A       17%         3
 Tukima's Dance           Hex            12%        N/A       17%         3
 Sandblast                Erth           2%         2d4       19%         1
 Dazzling Flash           Conj/Hex       12%        N/A       30%         3
 Fugue of the Fallen      Necr           1%         N/A       50%         3
 Ozocubu's Armour         Ice            1%         N/A       50%         3
 Passwall                 Erth           1%         N/A       50%         3
 Stone Arrow              Conj/Erth      2%         3d7       50%         3
 Brom's Barrelling Bould  Conj/Erth      1%         2d3       88%         4
 Manifold Assault         Tloc           1%         N/A       88%         4


Dungeon Overview and Level Annotations

Branches:
Dungeon (3/15)

Altars:
Yredelemnul

Shops:
D:2 *

Annotations:
D:3 2 runed translucent doors, Crazy Yiuf


Innate Abilities, Weirdness & Mutations

You are small and have problems with some larger weapons.
You are completely attuned to the shadows.


Message History

The weeping skull unleashes gushing sobs.
The wave of grief passes through you.
You hit the weeping skull but do no damage.
The weeping skull is lightly damaged.
The weeping skull misses you.
You hit the weeping skull.
The weeping skull is moderately damaged.
The weeping skull's misery bubbles over.
The wave of grief passes through you.
You hit the weeping skull but do no damage.
The weeping skull is moderately damaged.
The weeping skull touches you.
You feel drained.
You barely miss the weeping skull.
The weeping skull is moderately damaged.
You hit the weeping skull.
The weeping skull is moderately damaged.
The weeping skull touches you.
You feel drained.
You hit the weeping skull but do no damage.
The weeping skull is moderately damaged.
The weeping skull barely misses you.
You hit the weeping skull but do no damage.
The weeping skull is moderately damaged.
The weeping skull touches you.
You hit the weeping skull but do no damage.
The weeping skull is moderately damaged.
You hit the weeping skull but do no damage.
The weeping skull is moderately damaged.
The weeping skull unleashes gushing sobs.
The wave of grief passes through you.
You hit the weeping skull but do no damage.
The weeping skull is moderately damaged.
The weeping skull touches you!
* * * LOW HITPOINT WARNING * * *
You feel drained.
* * * LOW HITPOINT WARNING * * *
You hit the weeping skull but do no damage.
The weeping skull is moderately damaged.
The weeping skull touches you.
You die...
The weeping skull crumbles to pieces from sheer guilt.

...###..#.#.#...##.#.##..........
..#...#............#.##.......#.#
..#.⌠.#...#...#..###.##.......#.#
≈~#...#..##...##.# #.##<##+#..#.#
≈≈~###~.###...##.# #####.........
≈≈≈≈≈~..# #.###### #######.#..#.#
≈≈≈≈≈≈..###+##..###°#.##......#..
≈≈≈###~........###°°^.####.#..#..
≈~#...#......°°.@zZ○._####.#....P
..#.⌠.#........###°^^°##......#..
..#...#........# ##.#^##.........
...###.........# ## ###.#...#.
........###+##. #.#...#.
##...#### #.# ... #.#...#.
##..#######.# .# #...##.#...#.
#..##...##.##.### ##.#.##.#.....
#..##...##.##!#...........#..#.#


You could see a spectral orc and a weeping skull.

Vanquished Creatures
  Grinder (D:3)
  Natasha (twice) (D:3)
  4 adders
  4 dart slugs
  2 ribbon worms
  9 bats
  3 endoplasms
  3 giant cockroaches
  6 goblins
  5 hobgoblins
  11 jackals
  6 kobolds
  3 ball pythons
  A frilled lizard (D:3)
  6 rats
66 creatures vanquished.

Notes
Turn   | Place    | Note
-------+----------+-------------------------------------------
     0 | D:1      | timneilson the Kobold Enchanter began the quest for the
                  | Orb.
     0 | D:1      | Reached XP level 1. HP: 10/10 MP: 3/3
   174 | D:1      | Reached XP level 2. HP: 16/16 MP: 5/5
   338 | D:1      | Reached XP level 3. HP: 20/20 MP: 6/6
   888 | D:2      | Reached skill level 1 in Fighting
   930 | D:2      | Reached XP level 4. HP: 25/25 MP: 7/7
   956 | D:2      | Reached skill level 1 in Armour
  1357 | D:2      | Found Bytej's General Store.
  2150 | D:3      | Reached XP level 5. HP: 29/29 MP: 8/8
  2150 | D:3      | Found a runed translucent door.
  2170 | D:3      | Found a runed translucent door.
  2173 | D:3      | Noticed Crazy Yiuf
  2285 | D:3      | Noticed Natasha
  2302 | D:3      | Killed Natasha
  2424 | D:3      | Noticed Natasha
  2445 | D:3      | Killed Natasha
  2556 | D:3      | Noticed Grinder
  2561 | D:3      | Killed Grinder
  2562 | D:3      | Reached skill level 5 in Stealth
  2562 | D:3      | Reached XP level 6. HP: 36/36 MP: 9/9
  2725 | D:3      | Found a basalt altar of Yredelemnul.
  2753 | D:3      | Slain by a weeping skull

Illustrated notes

Levels and vault maps discovered:
D:1:      ncdulo_lavacross, layout_basic, minmay_tromino_i2
D:2:      layout_basic, serial_shops, nicolae_shop_pleasant_corner_grove
D:3:      layout_basic, yredelemnul_forgotten_temple_becter,
          nicolae_elyvilon_temple_path, ebering_ghost_reflecting_pool,
          fountainhead, minmay_crystal_room, nicolae_figureground_pulse,
          uniq_crazy_yiuf_cottage, uniq_natasha, uniq_grinder

Skill      XL: |  1  2  3  4  5 |
---------------+----------------+-----
Short Blades   | 2 3 4 |  4.7
Dodging        | 3 4 |  4.8
Fighting       | 1 2 |  2.4
Armour         | 1 |  1.9
Stealth        | 5 |  5.1
Spellcasting   | |  2.1
Hexes          | |  3.0

Action                     |  1- 3 |  4- 6 || total
---------------------------+-------+-------++-------
  Melee: Dagger            |   115 |   153 ||   268
         Punch             |     1 |     1 ||     2
    Use: Scroll            |     4 |     8 ||    12
         Potion            |       |     1 ||     1
   Stab: Sleeping          |    13 |     9 ||    22
         Distracted        |       |     1 ||     1
 Armour: Robe              |    42 |    50 ||    92
  Dodge: Dodged            |    83 |    97 ||   180
